 Dungeon Crawl Stone Soup version 0.31.0-12-g77e489cdc1 (webtiles) character file.

Game seed: 11458463814118965654

391 Mezerith the Covert (level 6, -4/32 HPs)
             Began as a Spriggan Brigand on Mar 1, 2024.
             Was an Initiate of Qazlal.
             Slain by a bullfrog (6 damage)
             ... on level 5 of the Dungeon.
             The game lasted 00:22:48 (4605 turns).

Mezerith the Covert (Spriggan Brigand)              Turns: 4605, Time: 00:22:48

Health: -4/32      AC:  7    Str:  7    XL:     6   Next: 50%
Magic:  7/7        EV: 19    Int: 13    God:    Qazlal [......]
Gold:   143        SH:  0    Dex: 18    Spells: 5/5 levels left

rFire   + . .        a - +3 dagger
rCold   + . .        (no shield)
rNeg    . . .        b - +0 robe
rPois   +            (helmet restricted)
rElec   +            c - +0 cloak
rCorr   +            (gloves unavailable)
SInv    +            (boots unavailable)
Will    +....        (no amulet)
Stlth   ++++         q - +4 ring of protection
HPRegen 0.25/turn    l - ring of flight
MPRegen 0.10/turn

%: no passive effects
@: resistant, flying, very quick
A: very small, no large weapons, unfitting armour, see invisible, speed 3
a: Renounce Religion


You were on level 5 of the Dungeon.
You worshipped Qazlal.
Qazlal was noncommittal.
You visited 1 branch of the dungeon, and saw 5 of its levels.

You collected 143 gold pieces.

Inventory:

Hand Weapons
 a - a +3 dagger (weapon)
 n - a +0 spectral club
Missiles
 d - 13 poisoned darts
 e - 3 curare-tipped darts
Armour
 b - a +0 robe (worn)
 c - a +0 cloak (worn)
Jewellery
 f - a ring of protection from cold
 l - a ring of flight (right hand)
 q - a +4 ring of protection (left hand)
Scrolls
 j - 3 scrolls of identify
Potions
 h - a potion of enlightenment
 k - 2 potions of lignification
 m - a potion of attraction
 o - a potion of brilliance


   Skills:
 + Level 2.6 Fighting
 + Level 4.6 Short Blades
 + Level 2.1 Throwing
 + Level 4.0 Dodging
 + Level 8.4 Stealth


You had 5 spell levels left.
You didn't know any spells.
Your spell library contained the following spells:

 Spells                   Type           Power      Damage    Failure   Level
 Freeze                   Ice            0%         1d3       30%         1
 Ensorcelled Hibernation  Hex/Ice        0%         N/A       43%         2
 Frozen Ramparts          Ice            0%         1d1       67%         3
 Fugue of the Fallen      Necr           0%         N/A       67%         3
 Hailstorm                Conj/Ice       0%         3d5       67%         3
 Anguish                  Hex/Necr       0%         N/A       97%         4


Dungeon Overview and Level Annotations

Branches:
Dungeon (5/15)
 Temple: D:4-7

Altars:
Qazlal
Ru
Zin

Shops:
D:4 (

Annotations:
D:5 Menkaure


Innate Abilities, Weirdness & Mutations

You are very small and have problems with some larger weapons.
You are too small for most types of armour.
You have supernaturally acute eyesight. (SInv)
You cover ground extremely quickly. (Speed+++)


Message History

The bullfrog convulses!
Your body is wracked with pain!
* * * LOW HITPOINT WARNING * * *
The orc convulses!
The adder convulses!
The orc wizard convulses!
The orc convulses! x2
The adder attacks as it pursues you! The adder bites you but does no damage.
Menkaure gestures wildly while chanting.
Menkaure seems to speed up.
The bullfrog attacks as it pursues you! The bullfrog misses you.
You hear an angry hiss.
You hear a shout!
The adder attacks as it pursues you! The adder closely misses you.
Found 18 gold pieces.
The orc wizard mumbles some strange words.
The orc wizard flickers and vanishes for a moment.
Found a book of Blood.
Found a stone staircase leading down.
You see here 18 gold pieces.
An iguana comes into view.
You see here a book of Blood.
The bullfrog attacks as it pursues you! The bullfrog barely misses you.
The bullfrog attacks as it pursues you! The bullfrog completely misses you.
The bullfrog attacks as it pursues you! The bullfrog hits you.
* * * LOW HITPOINT WARNING * * *
A hound comes into view.
An iguana comes into view.
The bullfrog hits you but does no damage.
You reach down and open the door.
An adder, 2 hounds and a black bear come into view.
The adder hisses angrily.
The bullfrog barely misses you. The bullfrog hits you.
* * * LOW HITPOINT WARNING * * *
Found a glowing iron wand.
The adder bites you but does no damage. The black bear bites you.
* * * LOW HITPOINT WARNING * * *
The black bear misses you. The black bear claws you.
* * * LOW HITPOINT WARNING * * *
Found 14 gold pieces.
The bullfrog barely misses you. The adder completely misses you.
The orc closely misses you. The bullfrog attacks as it pursues you!
The bullfrog hits you.
You die...

#.. l..# .. #+# h..# #..
#.##... .##$. .h. ..##
...... #.# ...#
......♣♣#S#♣...# ..##
.....#....♣h...♣..#
...####....#....@FS....##
....#.#..........o......#
#.............####.....##
##....<.........##.....# #
......................###.#
.................#....#...##
...o......o..$...##........#
..........#....#:..........#
..o)......#....##..........#


You could see a black bear, a bullfrog, 2 adders and an orc.

Vanquished Creatures
  An ogre (D:4)
  Jessica (D:2)
  Natasha (thrice) (D:3)
  2 orc wizards
  3 gnolls (D:4)
  5 adders
  A dart slug (D:2)
  2 ribbon worms
  7 orcs
  6 ball pythons
  3 bats
  2 endoplasms (D:1)
  A giant cockroach (D:2)
  6 goblins
  8 hobgoblins
  8 jackals (D:1)
  5 quokkas
  4 kobolds
  12 rats
80 creatures vanquished.

Notes
Turn   | Place    | Note
-------+----------+-------------------------------------------
     0 | D:1      | Mezerith the Spriggan Brigand began the quest for the Orb.
     0 | D:1      | Reached XP level 1. HP: 10/10 MP: 2/2
   102 | D:1      | Reached skill level 6 in Stealth
   149 | D:1      | Reached XP level 2. HP: 8/15 MP: 3/3
   568 | D:1      | Reached XP level 3. HP: 18/18 MP: 4/4
  1226 | D:2      | Noticed Jessica
  1231 | D:2      | Killed Jessica
  1266 | D:2      | Reached XP level 4. HP: 23/23 MP: 5/5
  1332 | D:2      | Reached skill level 7 in Stealth
  2063 | D:3      | Noticed Natasha
  2080 | D:3      | HP: 1/23 [Natasha (4)]
  2097 | D:3      | Killed Natasha
  2125 | D:3      | Reached XP level 5. HP: 11/26 MP: 6/6
  2258 | D:3      | Found a sacrificial altar of Ru.
  2365 | D:3      | Noticed Natasha
  2401 | D:3      | Killed Natasha
  2427 | D:3      | Noticed Natasha
  2448 | D:3      | Killed Natasha
  2449 | D:3      | Reached skill level 8 in Stealth
  2504 | D:3      | Found a stormy altar of Qazlal.
  2521 | D:3      | Became a worshipper of Qazlal Stormbringer
  3103 | D:4      | Found Geusimm's Weapon Shoppe.
  3603 | D:4      | Identified a scroll of acquirement
  3648 | D:4      | Reached XP level 6. HP: 23/32 MP: 7/7
  4048 | D:4      | Found a glowing silver altar of Zin.
  4500 | D:5      | Entered Level 5 of the Dungeon
  4556 | D:5      | Noticed Menkaure
  4567 | D:5      | Acquired a +1 quick blade of holy wrath
  4605 | D:5      | Slain by a bullfrog

Illustrated notes

Levels and vault maps discovered:
D:1:      ncdulo_watergridlock, layout_basic, minmay_misc_feat_plants
D:2:      layout_basic, grunt_ministairs_3, uniq_jessica
D:3:      layout_rooms, hangedman_ru_absence, mainiacjoe_overflow_chevrons,
          uniq_natasha
D:4:      layout_basic, general_overflow_altar, serial_shops,
          nicolae_shop_bloodbath_and_beyond, hangedman_decor_riveting
D:5:      layout_cave_pools, serial_park, serial_park_square2,
          serial_park_square2, serial_park_square3
          [serial_park_minivault_5x5_3], uniq_menkaure

Skill      XL: |  1  2  3  4  5  6 |
---------------+-------------------+-----
Stealth        | 6 7 8 |  8.4
Dodging        | 2 3 4 |  4.0
Short Blades   | 3 4 |  4.6
Fighting       | 2 |  2.6
Throwing       | |  2.1

Action                     |  1- 3 |  4- 6 || total
---------------------------+-------+-------++-------
  Melee: Dagger            |   125 |   237 ||   362
         Punch             |     1 |     3 ||     4
    Use: Potion            |     3 |    14 ||    17
         Scroll            |     1 |     7 ||     8
   Stab: Sleeping          |    11 |     9 ||    20
         Distracted        |       |     1 ||     1
 Armour: Robe              |    50 |   127 ||   177
  Dodge: Dodged            |   121 |   211 ||   332
